 Dungeon Crawl Stone Soup version 0.26-a0-1184-g95e395e029 (webtiles) character file.

Game seed: 12339409110605895683

687806 Arthanis the Infernalist (level 27, -11/135 HPs)
             Began as a Deep Elf Fire Elementalist on Dec 26, 2020.
             Was the Champion of Vehumet.
             Mangled by Dizommul the pandemonium lord (30 damage)
             ... on level 20 of a ziggurat on Dec 27, 2020.
             The game lasted 03:07:24 (56429 turns).

Arthanis the Infernalist (DEFE)                    Turns: 56429, Time: 03:07:25

Health: -11/135    AC:  3    Str: 11      XL:     27
Magic:  39/74      EV: 18    Int: 36 (37) God:    Vehumet [******]
Gold:   2102       SH:  8    Dex: 14 (15) Spells: 2/80 levels left

rFire    + + .     SeeInvis .   m - staff of fire
rCold    + + .     Faith    .   q - +3 warlock's mirror {reflect}
rNeg     + + .     Spirit   .   z - +1 robe of Oteciw {rElec rPois rN+ Regen+}
rPois    +         Reflect  +   g - -2 hat of the Alchemist {rElec rPois rF+ rC+ rN+ Will+ rMut rCorr}
rElec    +         Harm     .   o - +2 cloak {Will+}
rCorr    +         Rampage  .   (no gloves)
rMut     +         Rnd*Rage +   E - +2 pair of boots {Stlth+}
Will     +++++                  M - amulet of magic regeneration
Stlth    ++++++....             n - ring "Rihes" {rPois Will+ MP+9 Int+3}
HPRegen  0.72/turn              s - ring of the Snail {rC+ MP+9 Str+6 Slay-4}
MPRegen  0.69/turn

@: corroded, hasted, studying Stealth, very quick
A: berserk 1
}: 3/15 runes: serpentine, barnacled, slimy
a: Renounce Religion


You were on level 20 of a ziggurat.
You worshipped Vehumet.
Vehumet was exalted by your worship.
You visited 9 branches of the dungeon, and saw 44 of its levels.
You visited 1 bazaar.
You visited 1 ziggurat, and saw 20 of its levels.
You also visited: Sewer and Gauntlet.

You collected 7075 gold pieces.
You spent 4973 gold pieces at shops.

Inventory:

Hand Weapons
 y - the +3 Elemental Staff {rElec rF++ rC++ Will++ AC+5}
   (You acquired it on level 2 of the Orcish Mines)

   It affects your AC (+5).
   It greatly protects you from fire.
   It greatly protects you from cold.
   It insulates you from electricity.
   It affects your willpower, your defense against some magical effects.
 H - the +1 war axe of the Priest {pain, Int+8}
   (You took it off a deep elf archer on level 3 of the Elven Halls)

   In the hands of one skilled in necromantic magic, it inflicts extra damage on
   living creatures.
   It affects your intelligence (+8).
Armour
 a - a +2 robe of resistance
 g - the -2 hat of the Alchemist (worn) {rElec rPois rF+ rC+ rN+ Will+ rMut rCorr}
   (You found it on level 11 of a ziggurat)

   It protects you from fire.
   It protects you from cold.
   It insulates you from electricity.
   It protects you from poison.
   It protects you from negative energy.
   It affects your willpower, your defense against some magical effects.
   It provides partial protection from all sources of acid and corrosion.
   It protects you from mutation.
 o - a +2 cloak of willpower (worn)
 q - the +3 warlock's mirror (worn) {reflect}
   (You found it on level 5 of the Pits of Slime)
 z - the +1 robe of Oteciw (worn) {rElec rPois rN+ Regen+}
   (You found it on level 10 of a ziggurat)

   It insulates you from electricity.
   It protects you from poison.
   It protects you from negative energy.
   It increases your rate of regeneration.
 E - a +2 pair of boots of stealth (worn)
 N - a +2 robe of the Archmagi
 O - the +0 helmet of the Thirsty Artists {*Drain Int+5 SInv}
   (You found it on level 14 of a ziggurat)

   It affects your intelligence (+5).
   It lets you see invisible.
   It causes draining when unequipped.
 P - a +2 helmet of intelligence
 R - the +7 tower shield of Bele {Will- Str+7}
   (You found it on level 5 of the Pits of Slime)

   It affects your strength (+7).
   It affects your willpower, your defense against some magical effects.
Magical Staves
 m - an uncursed staff of fire (weapon)
Jewellery
 n - the ring "Rihes" (left hand) {rPois Will+ MP+9 Int+3}
   (You took it off a deep elf mage on level 3 of the Elven Halls)

   [ring of magical power]

   It affects your intelligence (+3).
   It protects you from poison.
   It affects your willpower, your defense against some magical effects.
   It affects your magic capacity (+9).
 s - the ring of the Snail (right hand) {rC+ MP+9 Str+6 Slay-4}
   (You found it on level 10 of a ziggurat)

   [ring of strength]

   It affects your strength (+6).
   It affects your accuracy and damage with ranged weapons and melee attacks
   (-4).
   It protects you from cold.
   It affects your magic capacity (+9).
 C - the amulet "Uwu Vadgh" {Faith +Fly Int+3 Stlth+}
   (You found it on level 15 of a ziggurat)

   [amulet of faith]

   It allows you to gain divine favour quickly.
   It affects your intelligence (+3).
   It lets you fly.
   It makes you more stealthy.
 I - an uncursed ring of fire
 M - an amulet of magic regeneration (around neck)
 W - the ring of the Two Names {+Blink Str+3 Dex+3 SInv}
   (You found it on level 18 of a ziggurat)

   [ring of see invisible]

   It affects your strength (+3).
   It affects your dexterity (+3).
   It lets you see invisible.
   It lets you blink.
 Y - an uncursed ring of wizardry
 Z - the amulet of Vitality {Regen+ HP+15}
   (You found it on level 9 of a ziggurat)

   [amulet of regeneration]

   It affects your health (+15).
   It increases your rate of regeneration.
Wands
 A - a wand of acid (21)
 F - a wand of paralysis (24)
 K - a wand of digging (12)
 L - a wand of iceblast (35)
 S - a wand of disintegration (36)
Scrolls
 b - 20 scrolls of teleportation
 d - 5 scrolls of identify
 f - 13 scrolls of fog
 k - 7 scrolls of immolation
 l - 5 scrolls of blinking
 p - 21 scrolls of remove curse
 r - 5 scrolls of magic mapping
 u - 7 scrolls of fear
 x - 14 scrolls of amnesia
 B - 2 scrolls of silence
 J - 2 scrolls of holy word
 Q - 2 scrolls of summoning
Potions
 h - 16 potions of curing
 i - 7 potions of heal wounds
 j - 7 potions of brilliance
 t - 8 potions of flight
 v - 12 potions of mutation
 w - 10 potions of might
 G - 9 potions of cancellation
 T - 11 potions of ambrosia
 U - 4 potions of resistance
 X - 4 potions of lignification
Books
 V - a manual of Stealth
Miscellaneous
 e - a box of beasts
 D - a lightning rod (4/4)


   Skills:
 - Level 4.0 Fighting
 - Level 2.0 Armour
 - Level 10.0 Dodging
 - Level 11.5 Stealth
 - Level 4.0 Shields
 O Level 27 Spellcasting
 - Level 21.0 Conjurations
 - Level 6.0 Transmutations
 O Level 27 Fire Magic
 + Level 18.1 Air Magic
 + Level 8.4 Earth Magic
 - Level 12.1 Evocations


You had 2 spell levels left.
You knew the following spells:

 Your Spells              Type           Power        Failure   Level
a - Foxfire               Conj/Fire      100%         0%          1
b - Conjure Flame         Conj/Fire      100%         0%          3
c - Sticky Flame          Conj/Fire      100%         0%          4
d - Fireball              Conj/Fire      73%          0%          5
e - Stone Arrow           Conj/Erth      100%         0%          3
f - Magic Dart            Conj           100%         0%          1
g - Shatter               Erth           41%          95%         9
h - Iron Shot             Conj/Erth      50%          1%          6
i - Bolt of Magma         Conj/Fire/Erth 67%          0%          5
j - Iskenderun's Battles  Conj           100%         0%          5
k - Ignition              Fire           76%          1%          8
l - Fire Storm            Conj/Fire      73%          1%          9
m - Tornado               Air            54%          7%          9
n - Blink                 Tloc           N/A          1%          2
o - Statue Form           Tmut/Erth      52%          3%          6
p - Sublimation of Blood  Necr           24%          1%          2

Your spell library contained the following spells:

 Spells                   Type           Power        Failure   Level
 Conjure Ball Lightning   Conj/Air       56%          0%          6
 Sandblast                Erth           100%         0%          1
 Shock                    Conj/Air       100%         0%          1
 Corpse Rot               Necr/Air       N/A          0%          2
 Poisonous Vapours        Pois/Air       100%         0%          2
 Searing Ray              Conj           100%         0%          2
 Swiftness                Air            100%         0%          2
 Animate Skeleton         Necr           96%          1%          1
 Apportation              Tloc           96%          1%          1
 Beastly Appendage        Tmut           100%         1%          1
 Corona                   Hex            53%          1%          1
 Freeze                   Ice            100%         1%          1
 Pain                     Necr           100%         1%          1
 Sting                    Tmut/Pois      100%         1%          1
 Summon Small Mammal      Summ           100%         1%          1
 Call Imp                 Summ           48%          1%          2
 Passwall                 Tmut/Erth      65%          1%          2
 Slow                     Hex            48%          1%          2
 Wereblood                Tmut           75%          1%          2
 Dazzling Flash           Conj/Hex       100%         0%          3
 Ignite Poison            Fire/Tmut/Pois 100%         0%          3
 Inner Flame              Hex/Fire       100%         0%          3
 Mephitic Cloud           Conj/Pois/Air  97%          0%          3
 Static Discharge         Conj/Air       100%         0%          3
 Lightning Bolt           Conj/Air       56%          0%          5
 Confusing Touch          Hex            48%          1%          3
 Frozen Ramparts          Ice            96%          1%          3
 Gell's Gravitas          Tloc           24%          1%          3
 Lesser Beckoning         Tloc           24%          1%          3
 Ozocubu's Armour         Ice            48%          1%          3
 Portal Projectile        Hex/Tloc       96%          1%          3
 Spider Form              Tmut/Pois      31%          1%          3
 Teleport Other           Tloc           48%          1%          3
 Tukima's Dance           Hex            48%          1%          3
 Vampiric Draining        Necr           24%          1%          3
 Hailstorm                Conj/Ice       90%          1%          4
 Ice Form                 Ice/Tmut       63%          1%          4
 Leda's Liquefaction      Hex/Erth       34%          1%          4
 Olgreb's Toxic Radiance  Pois           48%          1%          4
 Petrify                  Tmut/Erth      79%          1%          4
 Summon Lightning Spire   Summ/Air       85%          1%          4
 Blade Hands              Tmut           37%          1%          5
 Borgnjor's Vile Clutch   Necr/Erth      34%          1%          5
 Irradiate                Conj/Tmut      49%          1%          5
 Lee's Rapid Deconstruct  Erth           41%          1%          5
 Silence                  Hex/Air        42%          1%          5
 Yara's Violent Unravell  Hex/Tmut       31%          1%          5
 Freezing Cloud           Conj/Ice/Air   48%          1%          6
 Chain Lightning          Conj/Air       56%          1%          8
 Lehudib's Crystal Spear  Conj/Erth      50%          1%          8
 Alistair's Intoxication  Tmut/Pois      42%          3%          5
 Animate Dead             Necr           24%          4%          4
 Cause Fear               Hex            24%          4%          4
 Passage of Golubria      Tloc           N/A          4%          4
 Summon Ice Beast         Ice/Summ       48%          4%          4
 Hydra Form               Tmut           37%          5%          6
 Agony                    Necr           48%          11%         5
 Metabolic Englaciation   Hex/Ice        24%          11%         5
 Summon Forest            Summ/Tloc      24%          11%         5
 Eringya's Noxious Bog    Tmut/Pois      31%          19%         6
 Dragon Form              Tmut           37%          28%         7
 Death Channel            Necr           24%          52%         6
 Dispersal                Tloc           24%          52%         6
 Invisibility             Hex            48%          52%         6
 Simulacrum               Ice/Necr       24%          52%         6
 Summon Hydra             Summ           24%          98%         7
 Absolute Zero            Ice            24%          100%        9


Dungeon Overview and Level Annotations

Branches:
Dungeon (15/15)            Temple (1/1) D:6            Lair (6/6) D:11
 Shoals (4/4) Lair:3        Snake (4/4) Lair:2        Slime (5/5) Lair:5
    Orc (2/2) D:11            Elf (3/3) Orc:2        Vaults (0/5) D:13
 Depths (4/5) D:15          Sewer (visited)         Gauntlet (visited)

Altars:
Ashenzari
Cheibriados
Dithmenos
Elyvilon
Fedhas
Gozag
Hepliaklqana
Kikubaaqudgha
Makhleb
Nemelex Xobeh
Okawaru
Qazlal
Ru
Sif Muna
Trog
Uskayaw
Vehumet
Wu Jian
Xom
Yredelemnul
Zin
The Shining One
Beogh

Shops:
D:5 ?   Orc:2 ((?=   Elf:2 *([:   Shoals:2 }   Snake:2 **   Snake:4 *
Depths:1 :}   Depths:2 =}=

Portals:
Hell: Depths:1 Depths:2 Depths:3
Abyss: Depths:4
Pandemonium: Depths:2 Depths:3

Annotations:
D:4 1 runed translucent door, Noname's ghost, amateur DEFE
Snake:4 Flubbersnuff's ghost, adept MiBe
Orc:1 2 runed translucent doors, exclusion: orange crystal statue
Elf:2 3 runed translucent doors


Innate Abilities, Weirdness & Mutations

You tend to lose your temper in combat.


Message History

You feel your power returning.
You feel a bit more experienced.
The great blast of fire engulfs Duroxt!!!!
Duroxt partially resists.
Duroxt is severely wounded.
The great blast of fire engulfs the Hell Sentinel!!
The Hell Sentinel partially resists.
The Hell Sentinel is almost dead.
You hear a shout!
Burchuchy gestures at you.
The Hell Sentinel blinks!
The Killer Klown blinks!
Dizommul headbutts you.
Duroxt is engulfed in blazing flames.
Duroxt tramples your fire vortex!
Your fire vortex is shoved backwards!
The Hell Sentinel hits you!!! The Hell Sentinel hits you!!
* * * LOW HITPOINT WARNING * * *
The death yak snorts and paws the ground.
The death yak gores you!
* * * LOW HITPOINT WARNING * * *
Burchuchy is engulfed in blazing flames.
Dizommul headbutts you!!
You die...

.............▓▓▓▓▓▓▓▓▓▓▓
......v................▓
○○°°☼..................▓
v○○v°..................▓
○°°°v°.................▓
○vvv.○.................▓
☼v☼○.°1D&..............▓
v☼v○v°B@&.............∩▓
○&vvv.Yp&..............▓
°&v☼.°.v...............▓
○°°vv°.................▓
○○v.vv.................▓
○v°vvv.................▓
○○°v○○.................▓
.v......v....▓▓▓▓▓▓▓▓▓▓▓


You could see Burchuchy, Dizommul, Duroxt, Korar, Sarur, a Killer Klown, a Hell
Sentinel, a shadow dragon, a death yak, an entropy weaver and 28 friendly fire
vortices.

Vanquished Creatures
  the Royal Jelly (Slime:5)
  Dissolution (Slime:3)
  4 orbs of fire (Zig:15)
  12 pandemonium lords
  A royal mummy (Zig:4)
  6 Killer Klowns
  Frederick (Depths:3)
  2 caustic shrikes
  4 starcursed masses
  2 bone dragons (Zig:17)
  Jorgrun (D:15)
  Rupert (D:14)
  3 hellephants
  2 liches
  An Ice Fiend (Zig:3)
  2 Hell Sentinels
  A titan (Shoals:1)
  5 deep elf blademasters
  3 deep elf master archers
  3 tentacled starspawn
  17 acid blobs
  A kraken (Shoals:4)
  2 sphinxes
  Gastronok (Lair:2)
  A sphinx (shapeshifter) (Zig:20)
  Kirke (Lair:6)
  A storm dragon (Depths:3)
  14 nagarajas
  A tengu reaver (Depths:3)
  A shadow dragon (shapeshifter) (Zig:18)
  An azure jelly (shapeshifter) (Zig:18)
  22 azure jellies
  3 fire giants
  Ilsuiw (Shoals:4)
  5 draconian monks (Zig:19)
  Louise (D:15)
  An emperor scorpion (Zig:12)
  5 frost giants
  5 draconian knights (Zig:19)
  6 deep elf sorcerers
  6 balrugs
  A ghost moth (Zig:12)
  5 draconian scorchers (Zig:19)
  A corrupter (Zig:17)
  An orc warlord (Orc:2)
  3 deep elf elementalists (Elf:3)
  2 vault wardens (Zig:9)
  A draconian shifter (Zig:19)
  5 draconian annihilators (Zig:19)
  2 draconian stormcallers (Zig:19)
  4 stone giants
  An ironheart preserver (Zig:2)
  13 very ugly things
  4 green draconians (Zig:19)
  4 reapers
  A vampire knight (Depths:3)
  5 dire elephants
  5 deep elf demonologists
  5 spark wasps
  A lorocyproca (Zig:10)
  A minotaur (Gauntlet)
  11 deep elf annihilators
  A white draconian (Zig:19)
  2 yellow draconians (Zig:19)
  2 entropy weavers (Zig:12)
  2 purple draconians (Zig:19)
  4 deep elf death magi (Elf:3)
  3 eleionomae (shapeshifter)
  9 merfolk impalers
  7 ettins
  15 death oozes
  2 merfolk javelineers (Shoals:4)
  A mummy priest (Zig:4)
  10 fire dragons
  3 deep elf high priests
  Fannar (Orc:1)
  3 ice dragons
  5 boulder beetles
  3 rakshasas
  25 naga warriors
  13 great orbs of eyes
  8 vault guards
  Harold (Lair:1)
  13 hydras
  6 merfolk aquamancers
  4 spriggan air magi (Depths:3)
  An alligator snapping turtle (shapeshifter) (Zig:20)
  8 anacondas
  7 centaur warriors
  3 merfolk avatars
  2 alligator snapping turtles
  22 two-headed ogres
  Erica (D:8)
  A death scarab (Zig:4)
  21 dancing weapons
  6 ogre magi
  2 death knights
  A vampire mage (Depths:2)
  3 tengu warriors
  2 deep troll earth magi (Depths:3)
  16 naga sharpshooters
  5 orc high priests
  A hell hog (Zig:10)
  7 deep troll shamans
  8 shock serpents
  6 death yaks
  3 thrashing horrors
  4 spriggan berserkers
  Urug (Lair:1)
  19 deep elf knights
  Sonja (D:12)
  2 sun demons (Depths:2)
  4 hell knights (Depths:4)
  A shock serpent (shapeshifter) (Zig:9)
  3 salamander mystics
  4 skeletal warriors
  3 fire crabs (Zig:15)
  A wretched star (Zig:10)
  14 sea snakes
  A sixfirhy (Gauntlet)
  3 spatial maelstroms
  8 iron trolls
  A shadow wraith (Zig:9)
  19 deep trolls
  2 unseen horrors (D:13)
  3 flayed ghosts
  A sea snake (shapeshifter) (Zig:9)
  7 orange crystal statues
  2 glowing orange brains (Depths:1)
  2 wizards
  A spriggan druid (Zig:16)
  3 obsidian statues
  A glowing orange brain (shapeshifter) (Zig:18)
  6 naga ritualists
  2 shadow demons (Zig:13)
  6 harpies
  A shadow dragon zombie (Zig:13)
  An ironbrand convoker (Zig:9)
  A lindwurm (shapeshifter) (Elf:3)
  20 deep elf archers
  6 orc sorcerers
  An iron dragon zombie (Zig:13)
  2 necromancers
  A tengu zombie (Zig:13)
  3 orb spiders (Zig:12)
  4 orc knights
  5 wolf spiders (Zig:12)
  68 deep elf magi
  8 mana vipers
  25 ugly things
  A worldbinder (Zig:10)
  A tengu skeleton (Zig:13)
  A manticore (shapeshifter) (Zig:18)
  10 shining eyes
  15 manticores
  4 fauns
  A shadow dragon skeleton (Zig:13)
  14 cyclopes
  13 salamanders
  A stone giant zombie (Zig:6)
  5 centaur zombies
  10 merfolk sirens
  A frost giant skeleton (Zig:13)
  8 guardian serpents
  2 smoke demons (Zig:17)
  A vault sentinel (Zig:1)
  46 black mambas
  9 water nymphs
  A stone giant skeleton (Zig:6)
  19 elephants
  2 gargoyles
  46 naga magi
  5 eyes of devastation
  2 apocalypse crabs
  An elf zombie (Zig:13)
  A torpor snail (Zig:12)
  17 cane toads
  5 rime drakes
  3 ice statues
  17 komodo dragons
  4 freezing wraiths
  7 yaktaurs
  A torpor snail (shapeshifter) (Zig:18)
  2 hellions (Zig:13)
  A rime drake (shapeshifter) (Depths:1)
  2 yaktaurs (shapeshifter)
  A tormentor (Zig:6)
  4 ice devils
  A demonic crawler (Zig:12)
  4 efreet
  3 ancient zymes (Zig:17)
  3 jumping spiders (Zig:12)
  A guardian mummy (Zig:4)
  2 meliai (D:13)
  A red devil (Depths:3)
  2 tengu conjurers
  A queen bee (D:13)
  3 trolls
  32 merfolk
  8 wind drakes
  9 hornets
  6 polar bears
  124 slime creatures
  Grinder (D:4)
  A blink frog (shapeshifter) (Depths:3)
  Prince Ribbit (D:6)
  A raiju (Zig:17)
  A meliai zombie (D:14)
  5 snapping turtles
  7 blink frogs
  6 dream sheep (Shoals:1)
  3 centaur simulacra (Gauntlet)
  A spriggan zombie (Zig:6)
  3 tarantellas (Zig:12)
  5 air elementals
  3 redbacks (Zig:12)
  6 spriggans
  A ynoxinul (Zig:17)
  A flying skull (Zig:4)
  10 water elementals
  Sigmund (D:2)
  8 wyverns
  4 shadows
  3 golden eyes (Slime:4)
  6 basilisks
  Eustachio (D:5)
  72 yaks
  4 wraiths
  6 fire elementals
  4 hogs (Lair:6)
  5 neqoxecs
  14 large abominations
  8 vampire mosquitoes
  2 steam dragons
  Menkaure (D:6)
  A harpy simulacrum (Gauntlet)
  93 nagas
  A soldier ant (shapeshifter) (Depths:3)
  8 wargs
  A soldier ant (D:13)
  5 hell hounds (Zig:15)
  A hydra simulacrum (Gauntlet)
  25 water moccasins
  3 ice beasts
  Duvessa (D:6)
  30 orc warriors
  A human skeleton (Zig:13)
  5 sky beasts
  2 phantoms
  6 black bears
  2 necrophages
  An ice beast (shapeshifter) (Depths:3)
  18 ogres
  6 boggarts
  9 eyes of draining
  19 wolves
  30 centaurs
  6 big kobolds
  18 bullfrogs
  2 small abominations (Zig:17)
  2 wyvern zombies
  Dowan (D:6)
  4 earth elementals
  8 scorpions
  5 wyvern skeletons
  22 wights
  22 killer bees
  4 howler monkeys
  A crimson imp (Depths:3)
  5 hounds
  8 jellies
  35 orc priests
  2 centaur skeletons
  47 orc wizards
  2 bullfrog skeletons
  Crazy Yiuf (D:2)
  3 iguanas
  14 worker ants
  A hound zombie (D:5)
  A hound skeleton (D:8)
  3 mummies (Zig:4)
  3 worker ant zombies
  6 gnolls
  15 adders
  5 shadow imps
  4 white imps
  3 ufetubi
  6 oozes
  An adder zombie (D:9)
  3 adder skeletons
  9 worms
  A dart slug (D:1)
  4 leopard geckos
  97 orcs
  7 ball pythons
  17 bats
  6 giant cockroaches
  7 goblins
  6 hobgoblins
  15 jackals
  4 quokkas
  11 frilled lizards
  A jackal skeleton (D:4)
  54 kobolds
  A quokka zombie (D:9)
  7 rats
  2 bushes
  A butterfly (Lair:5)
  2 crawling corpses (Elf:3)
  A fire vortex (Zig:15)
  4 plants (Shoals:4)
  3 starspawn tentacles (Zig:10)
  4 tentacles (Shoals:4)
2242 creatures vanquished.

Vanquished Creatures (collateral kills)
  A pandemonium lord (Zig:18)
  4 acid blobs
  A sphinx (Zig:9)
  A draconian knight (Zig:19)
  A draconian stormcaller (Zig:19)
  A stone giant (Depths:3)
  A merfolk javelineer (Shoals:4)
  A boulder beetle (Zig:12)
  2 naga warriors (Snake:4)
  A golden dragon zombie (Zig:13)
  An ugly thing (D:15)
  A black mamba (Snake:3)
  A yaktaur (Depths:3)
  A meliai (D:13)
  4 slime creatures
  An ettin zombie (Zig:6)
  A raiju (Zig:17)
  A dream sheep (Shoals:1)
  A wyvern (Zig:16)
  5 golden eyes
  A chaos spawn (Zig:18)
  6 nagas
  3 killer bees (D:13)
  A wight (D:14)
  An orc (D:13)
  40 foxfires
83 creatures vanquished.

Vanquished Creatures (others)
  A very ugly thing (Zig:20)
  An orc (Orc:2)
  2 bushes
  2 demonic plants (Gauntlet)
  601 fire vortices
  2509 foxfires
  95 fungi
  225 plants
  2 starspawn tentacles (Zig:17)
  8 tentacles (Shoals:4)
3446 creatures vanquished.

Grand Total: 5771 creatures vanquished

Notes
Turn   | Place    | Note
-------+----------+-------------------------------------------
     0 | D:1      | Arthanis the Deep Elf Fire Elementalist began the quest for
                  | the Orb.
     0 | D:1      | Reached XP level 1. HP: 10/10 MP: 6/6
   213 | D:1      | Reached XP level 2. HP: 15/15 MP: 2/8
   718 | D:2      | Found a burning altar of Makhleb.
   721 | D:2      | Found a glowing silver altar of Zin.
   721 | D:2      | Noticed an angel
   722 | D:2      | Noticed a balrug
   757 | D:2      | Found a white marble altar of Elyvilon.
   925 | D:2      | Noticed Sigmund
   944 | D:2      | Found a runed translucent door.
  1011 | D:2      | Found a sacrificial altar of Ru.
  1075 | D:2      | Reached XP level 3. HP: 19/19 MP: 6/9
  1573 | D:2      | Killed Sigmund
  1574 | D:2      | Reached skill level 5 in Fire Magic
  1574 | D:2      | Reached XP level 4. HP: 24/24 MP: 3/12
  1574 | D:2      | Reached XP level 5. HP: 28/28 MP: 3/13
  1582 | D:2      | Learned a level 3 spell: Conjure Flame
  1587 | D:2      | Learned a level 4 spell: Sticky Flame
  1593 | D:2      | Learned a level 5 spell: Fireball
  1693 | D:2      | Noticed Crazy Yiuf
  2897 | D:3      | Reached XP level 6. HP: 11/32 MP: 8/15
  2899 | D:3      | Reached skill level 5 in Spellcasting
  3845 | D:4      | Reached XP level 7. HP: 36/36 MP: 10/17
  4091 | D:4      | Found a runed translucent door.
  4091 | D:4      | Noticed Noname's ghost (amateur DEFE)
  4098 | D:4      | You fall into a shaft and drop 1 floor!
  4098 | D:5      | Entered Level 5 of the Dungeon
  4113 | D:5      | Found a glowing drain.
  4140 | Sewer    | Entered a sewer
  5045 | D:5      | Found Noim's Magic Scroll Emporium.
  5054 | D:5      | Bought a scroll of identify for 20 gold pieces
  5054 | D:5      | Bought a scroll of teleportation for 30 gold pieces
  5054 | D:5      | Bought a scroll of identify for 20 gold pieces
  5054 | D:5      | Bought a scroll of amnesia for 35 gold pieces
  5054 | D:5      | Bought a scroll of immolation for 35 gold pieces
  5054 | D:5      | Bought a scroll of identify for 20 gold pieces
  5054 | D:5      | Bought a scroll of teleportation for 30 gold pieces
  5067 | D:5      | Noticed Eustachio
  5073 | D:5      | Killed Eustachio
  5079 | D:4      | Found an opulent altar of Gozag.
  5404 | D:4      | Noticed Grinder
  5406 | D:4      | Paralysed by Grinder for 3 turns
  5414 | D:4      | Killed Grinder
  5861 | D:5      | Reached skill level 5 in Conjurations
  5861 | D:5      | Reached XP level 8. HP: 32/41 MP: 9/19
  7015 | D:6      | Found a staircase to the Ecumenical Temple.
  7028 | Temple   | Entered the Ecumenical Temple
  7300 | D:6      | Noticed Menkaure
  7305 | D:6      | Killed Menkaure
  7482 | D:6      | Noticed Prince Ribbit
  7491 | D:6      | Killed Prince Ribbit
  7739 | D:6      | Learned a level 3 spell: Stone Arrow
  8051 | D:6      | Reached XP level 9. HP: 43/45 MP: 19/23
  8515 | D:6      | Reached skill level 10 in Fire Magic
  9078 | D:6      | Noticed Duvessa
  9086 | D:6      | Killed Duvessa
  9177 | D:6      | Noticed Dowan
  9184 | D:6      | Killed Dowan
  9967 | D:7      | Reached skill level 1 in Evocations
 10263 | D:7      | Found a basalt altar of Yredelemnul.
 10266 | D:7      | Found a glowing golden altar of the Shining One.
 10269 | D:7      | Noticed an angel
 10345 | D:7      | Found a radiant altar of Vehumet.
 10383 | D:7      | Found an ornate altar of the Wu Jian Council.
 10383 | D:7      | Found an ancient bone altar of Kikubaaqudgha.
 10383 | D:7      | Found a hide-covered altar of Uskayaw.
 10387 | D:7      | Became a worshipper of Vehumet
 10543 | D:7      | Found a blossoming altar of Fedhas.
 10550 | D:7      | Found a broken altar of Ashenzari.
 11171 | D:8      | Reached XP level 10. HP: 50/50 MP: 18/25
 11782 | D:8      | Reached * piety under Vehumet
 11782 | D:8      | Offered knowledge of Magic Dart by Vehumet.
 11794 | D:8      | Learned a level 1 spell: Magic Dart
 11946 | D:8      | Reached skill level 10 in Spellcasting
 12191 | D:8      | Noticed Erica
 12217 | D:8      | Killed Erica
 13441 | D:9      | Reached ** piety under Vehumet
 13441 | D:9      | Offered knowledge of Searing Ray by Vehumet.
 13524 | D:8      | Reached XP level 11. HP: 45/54 MP: 4/28
 13918 | D:10     | Entered Level 10 of the Dungeon
 14459 | D:10     | Noticed a cyan ugly thing
 14473 | D:10     | Killed a cyan ugly thing
 14785 | D:10     | Reached skill level 1 in Fighting
 14850 | D:11     | Noticed a death knight
 14856 | D:11     | Killed a death knight
 14996 | D:11     | Found a gate leading to a gauntlet.
 14996 | D:11     | Noticed a boulder beetle
 15004 | D:11     | Killed a boulder beetle
 15137 | Gauntlet | Entered a Gauntlet
 15137 | Gauntlet | Found a transporter.
 15143 | Gauntlet | Noticed a necromancer
 15144 | Gauntlet | Noticed a tengu warrior
 15149 | Gauntlet | Found a transporter.
 15150 | Gauntlet | Found a transporter.
 15154 | Gauntlet | Found a transporter.
 15160 | Gauntlet | Found a transporter.
 15166 | Gauntlet | Killed a necromancer
 15180 | Gauntlet | Noticed a glowing orange brain
 15227 | Gauntlet | Noticed a cyan ugly thing
 15289 | Gauntlet | Found a transporter.
 15303 | Gauntlet | Found a transporter.
 15306 | Gauntlet | Noticed a sixfirhy
 15309 | Gauntlet | Found a transporter.
 15325 | Gauntlet | Killed a sixfirhy
 15331 | Gauntlet | Found a transporter.
 15339 | Gauntlet | Got a glittering amber ring
 15341 | Gauntlet | Identified the ring of Polytheism {rPois rF- Will+ EV+4
                  | Slay+5} (You found it in a Gauntlet)
 15399 | Gauntlet | Noticed a hell hog
 15405 | Gauntlet | Found a transporter.
 15423 | Gauntlet | Found a transporter.
 15709 | Gauntlet | Got a wavering jade ring
 15749 | Gauntlet | Identified the ring "Sothryir" {rPois Will- EV+4 Int+2
                  | Dex+6} (You found it in a Gauntlet)
 15750 | Gauntlet | Found a transporter.
 15754 | Gauntlet | Found a transporter.
 15767 | Gauntlet | Identified the cursed +1 rapier of Hepliaklqana's Whim
                  | {freeze, rPois rF+ Str-2 Dex+3}
 15767 | Gauntlet | Noticed a minotaur
 15782 | Gauntlet | Killed a minotaur
 15783 | Gauntlet | Reached skill level 10 in Conjurations
 16010 | D:11     | Offered knowledge of Ignite Poison by Vehumet.
 16248 | D:11     | Reached *** piety under Vehumet
 16596 | D:11     | Found a staircase to the Lair.
 16610 | D:11     | Noticed a two-headed ogre
 16616 | D:11     | Killed a two-headed ogre
 16863 | D:11     | Offered knowledge of Hailstorm by Vehumet.
 16864 | D:11     | Reached XP level 12. HP: 62/62 MP: 21/30
 17005 | D:11     | Identified a scroll of acquirement
 17006 | D:11     | Acquired a book of Annihilations
 17062 | D:11     | Noticed a two-headed ogre
 17076 | D:11     | Killed a two-headed ogre
 17230 | D:11     | Found a staircase to the Orcish Mines.
 17232 | D:11     | Found a roughly hewn altar of Beogh.
 17641 | D:12     | Reached **** piety under Vehumet
 17644 | D:12     | Noticed a two-headed ogre
 17649 | D:12     | Offered knowledge of Mephitic Cloud by Vehumet.
 17652 | D:12     | Killed a two-headed ogre
 18134 | D:12     | Noticed a two-headed ogre
 18138 | D:12     | Killed a two-headed ogre
 18159 | D:12     | Noticed Sonja
 18161 | D:12     | Killed Sonja
 18162 | D:12     | Reached skill level 5 in Dodging
 18162 | D:12     | Reached skill level 15 in Fire Magic
 18302 | D:12     | Reached skill level 5 in Evocations
 18799 | D:13     | Noticed a centaur warrior
 18803 | D:13     | Killed a centaur warrior
 18804 | D:13     | Noticed a boulder beetle
 18923 | D:13     | Noticed a centaur warrior
 18923 | D:13     | Noticed a two-headed ogre
 18926 | D:13     | Killed a centaur warrior
 19066 | D:13     | Killed a two-headed ogre
 19066 | D:13     | Noticed a centaur warrior
 19068 | D:13     | Killed a centaur warrior
 19151 | D:13     | Learned a level 3 spell: Mephitic Cloud
 19327 | D:13     | Noticed a vault guard
 19331 | D:13     | Killed a vault guard
 19441 | D:13     | Noticed a boulder beetle
 19446 | D:13     | Killed a boulder beetle
 19447 | D:13     | Reached XP level 13. HP: 66/66 MP: 2/32
 20816 | D:13     | Found a gate to the Vaults.
 21416 | D:13     | Reached ***** piety under Vehumet
 21454 | D:13     | Offered knowledge of Airstrike by Vehumet.
 22781 | D:2      | Killed Crazy Yiuf
 22992 | Orc:1    | Entered Level 1 of the Orcish Mines
 23165 | Orc:1    | Noticed Fannar
 23304 | Orc:1    | Killed Fannar
 23505 | Orc:1    | Found a runed translucent door.
 23513 | Orc:1    | Found the +10 tower shield of Ignorance {rN+ Int-4}
 23770 | Orc:1    | Found a runed translucent door.
 23924 | Orc:1    | Offered knowledge of Irradiate by Vehumet.
 24144 | Orc:2    | Entered Level 2 of the Orcish Mines
 24185 | Orc:1    | Reached XP level 14. HP: 72/72 MP: 5/34
 24545 | Orc:2    | Found a staircase to the Elven Halls.
 24891 | Orc:2    | Reached skill level 15 in Spellcasting
 25819 | Orc:2    | Found Xaet's Weapon Shoppe.
 25820 | Orc:2    | Found Tiulliju's Magic Scroll Emporium.
 25821 | Orc:2    | Found Xemi's Jewellery Emporium.
 25824 | Orc:2    | Found Jupho's Antique Weapon Shoppe.
 25830 | Orc:2    | Bought a scroll of identify for 28 gold pieces
 25830 | Orc:2    | Bought a scroll of identify for 28 gold pieces
 25830 | Orc:2    | Bought a scroll of teleportation for 42 gold pieces
 25913 | Orc:2    | Offered knowledge of Iron Shot by Vehumet.
 26356 | Orc:2    | Noticed an orc warlord
 26602 | Orc:2    | Killed an orc warlord
 26980 | Orc:2    | Bought a scroll of acquirement for 728 gold pieces
 26980 | Orc:2    | Bought a scroll of vulnerability for 105 gold pieces
 26983 | Orc:2    | Acquired the +3 Elemental Staff {rElec rF++ rC++ Will++
                  | AC+5}
 26984 | Orc:2    | Found the +3 Elemental Staff {rElec rF++ rC++ Will++ AC+5}
 27498 | D:13     | Learned a level 6 spell: Iron Shot
 27624 | D:14     | Noticed Rupert
 28107 | Lair:1   | Entered Level 1 of the Lair of Beasts
 28421 | Lair:1   | Noticed Harold
 28898 | Lair:1   | Killed Harold
 29087 | Lair:1   | Noticed Urug
 29089 | Lair:1   | Killed Urug
 29661 | Lair:2   | Offered knowledge of Starburst by Vehumet.
 29664 | Lair:2   | Reached skill level 1 in Armour
 29843 | Lair:2   | Acquired the Reference Book on Moulding and Conjuration
 29853 | Lair:2   | Learned a level 5 spell: Bolt of Magma
 30135 | Lair:2   | Noticed Gastronok
 30140 | Lair:2   | Killed Gastronok
 30425 | Lair:2   | Reached XP level 15. HP: 78/78 MP: 25/36
 30883 | Lair:2   | Found a staircase to the Snake Pit.
 31945 | Lair:3   | Found a staircase to the Shoals.
 33566 | Lair:5   | Found a staircase to the Slime Pits.
 34553 | Lair:6   | Entered Level 6 of the Lair of Beasts
 34951 | Lair:6   | Offered knowledge of Iskenderun's Battlesphere by Vehumet.
 34977 | Lair:5   | Learned a level 5 spell: Iskenderun's Battlesphere
 36065 | Lair:6   | Noticed Kirke
 36111 | Lair:6   | Killed Kirke
 36795 | Lair:6   | Found a burning altar of Makhleb.
 36993 | Snake:1  | Entered Level 1 of the Snake Pit
 37311 | Snake:1  | Reached XP level 16. HP: 84/84 MP: 32/38
 39582 | Snake:2  | Offered knowledge of Lightning Bolt by Vehumet.
 39939 | Snake:2  | Found Xiebo's Assorted Antiques.
 39947 | Snake:2  | Bought a scroll of identify for 74 gold pieces
 39947 | Snake:2  | Bought a scroll of identify for 74 gold pieces
 39947 | Snake:2  | Bought a potion of curing for 111 gold pieces
 39947 | Snake:2  | Bought 2 scrolls of blinking for 555 gold pieces
 39985 | Snake:2  | Reached skill level 15 in Conjurations
 40133 | Snake:2  | Found Cokho's Commerce Corner.
 40138 | Snake:2  | Bought a potion of cancellation for 104 gold pieces
 40138 | Snake:2  | Bought a potion of curing for 39 gold pieces
 41037 | Elf:1    | Entered Level 1 of the Elven Halls
 41447 | Elf:1    | Reached skill level 1 in Shields
 41962 | Elf:1    | Reached XP level 17. HP: 83/88 MP: 3/40
 42849 | Elf:2    | Found Cobateu's Armour Boutique.
 42849 | Elf:2    | Found Unuli's Antique Weapon Shop.
 42930 | Elf:2    | Offered knowledge of Conjure Ball Lightning by Vehumet.
 43088 | Elf:2    | Found Joicluul's Book Boutique.
 43090 | Elf:2    | Found Didda's Assorted Antiques.
 43116 | Elf:2    | Bought a book of the Tempests for 1330 gold pieces
 43199 | Elf:2    | Learned a level 8 spell: Ignition
 44040 | Elf:2    | Found a runed translucent gate.
 44040 | Elf:2    | Found a runed translucent gate.
 44041 | Elf:2    | Found a runed translucent gate.
 44219 | Elf:3    | Entered Level 3 of the Elven Halls
 44553 | Elf:3    | Identified the ring "Rihes" {rPois Will+ MP+9 Int+3}
 45008 | Elf:3    | Noticed a deep elf blademaster
 45017 | Elf:3    | Killed a deep elf blademaster
 45152 | Elf:3    | Identified the +1 war axe of the Priest {pain, Int+8}
 45202 | Elf:3    | Identified the +5 chain mail of the Kettle-Drum {*Slow
                  | Regen+ Str-2 Dex+7}
 45202 | Elf:3    | Noticed a deep elf master archer
 45205 | Elf:3    | Killed a deep elf master archer
 45465 | Elf:3    | Identified the +6 pearl dragon scales of the Land of Plenty
                  | {rN+ Int+2 Dex+2}
 45465 | Elf:3    | Noticed a deep elf master archer
 45468 | Elf:3    | Killed a deep elf master archer
 45628 | Elf:3    | Reached XP level 18. HP: 94/94 MP: 43/43
 45631 | Elf:3    | Identified the +2 leather armour of Xom's Brutal Revenge
                  | {Harm rF+ rN+}
 45668 | Elf:3    | Identified the +4 ring mail of Complete Protection {Regen+
                  | Dex+3}
 46728 | Elf:2    | Bought the +1 helmet of Daisies {rF+ Dex+3} for 417 gold
                  | pieces
 46728 | Elf:2    | Bought a +0 pair of boots of stealth for 161 gold pieces
 46749 | Elf:2    | Learned a level 9 spell: Fire Storm
 46751 | Elf:2    | Upgraded the game from 0.26-a0-1181-gd376ed14c5 to
                  | 0.26-a0-1184-g95e395e029
 46901 | Snake:3  | Reached ****** piety under Vehumet
 47452 | Snake:4  | Entered Level 4 of the Snake Pit
 47452 | Snake:4  | Found a gateway to a bazaar.
 47466 | Bazaar   | Entered a bazaar
 47466 | Bazaar   | Found Cyteelodou's Magic Scroll Emporium.
 47486 | Bazaar   | Found Reec's Jewellery Boutique.
 47497 | Bazaar   | Found Pell's Antique Armour Emporium.
 47508 | Bazaar   | Found Ymofomej's General Store.
 47516 | Bazaar   | Bought a scroll of blinking for 90 gold pieces
 47516 | Bazaar   | Found Fuops's Antique Weapon Shop.
 47535 | Bazaar   | Bought a scroll of magic mapping for 38 gold pieces
 47535 | Bazaar   | Bought a scroll of magic mapping for 38 gold pieces
 47535 | Bazaar   | Bought a scroll of identify for 22 gold pieces
 47535 | Bazaar   | Bought 3 scrolls of identify for 66 gold pieces
 47535 | Bazaar   | Bought a scroll of identify for 22 gold pieces
 47535 | Bazaar   | Bought a scroll of identify for 22 gold pieces
 47535 | Bazaar   | Bought a scroll of fog for 22 gold pieces
 47535 | Bazaar   | Bought a scroll of fear for 38 gold pieces
 47535 | Bazaar   | Bought a scroll of fog for 22 gold pieces
 47608 | Snake:4  | Found a runed translucent gate.
 47608 | Snake:4  | Found a runed translucent gate.
 47608 | Snake:4  | Found a runed translucent gate.
 47610 | Snake:4  | Noticed Flubbersnuff's ghost (adept MiBe)
 47611 | Snake:4  | Found an opulent altar of Gozag.
 47611 | Snake:4  | Found Qoxkilyn's Assorted Antiques.
 48230 | Snake:4  | Reached XP level 19. HP: 88/98 MP: 27/45
 48470 | Snake:4  | Identified the +8 war axe "Fafathudd" {vorpal, rElec rC+}
                  | (You took it off a naga ritualist on level 4 of the Snake
                  | Pit)
 48660 | Snake:4  | Got a serpentine rune of Zot
 48797 | Snake:4  | Identified the +3 leather armour of Xerylaim {rPois Slay+3
                  | Stlth+} (You found it on level 4 of the Snake Pit)
 48808 | Snake:4  | Bought a scroll of magic mapping for 157 gold pieces
 48898 | Shoals:1 | Entered Level 1 of the Shoals
 49300 | Shoals:2 | Found Viniucer's Gadget Emporium.
 49552 | Shoals:3 | Acquired an uncursed staff of fire
 49668 | Shoals:4 | Entered Level 4 of the Shoals
 49692 | Shoals:4 | Noticed Ilsuiw
 49694 | Shoals:4 | Killed Ilsuiw
 49695 | Shoals:4 | HP: 2/98 [wind drake/the air (8)]
 50274 | Shoals:4 | Reached XP level 20. HP: 84/103 MP: 47/47
 50403 | Shoals:4 | Got a barnacled rune of Zot
 50582 | Slime:1  | Entered Level 1 of the Pits of Slime
 50595 | Slime:1  | Reached skill level 10 in Dodging
 50598 | Slime:1  | Gained mutation: You tend to lose your temper in combat. [a
                  | shining eye]
 50935 | Slime:3  | Noticed Dissolution
 50937 | Slime:3  | Killed Dissolution
 51386 | Slime:5  | Entered Level 5 of the Pits of Slime
 51394 | Slime:5  | Reached XP level 21. HP: 78/108 MP: 41/49
 51400 | Slime:5  | Noticed the Royal Jelly
 51403 | Slime:5  | Killed the Royal Jelly
 51556 | Slime:5  | Found the +3 warlock's mirror {reflect}
 51565 | Slime:5  | Identified the cursed +1 spear of Vyoth {speed, rC+ Int+4}
                  | (You found it on level 5 of the Pits of Slime)
 51608 | Slime:5  | Identified the +7 tower shield of Bele {Will- Str+7} (You
                  | found it on level 5 of the Pits of Slime)
 51611 | Slime:5  | Identified the cursed +1 plate armour of Bedevilment {Will+
                  | Str+4 Dex-5} (You found it on level 5 of the Pits of Slime)
 51634 | Slime:5  | Got a slimy rune of Zot
 51662 | Slime:5  | Identified the +0 kite shield of the Ageless Friends
                  | {rPois} (You found it on level 5 of the Pits of Slime)
 51681 | Slime:5  | Identified Janorick's Compendium of Envenoming and Cold
 51692 | Slime:5  | Identified the ring of Saxiripha {rC+ Stlth-} (You found it
                  | on level 5 of the Pits of Slime)
 51968 | D:14     | Killed Rupert
 51981 | D:14     | Found a shadowy altar of Dithmenos.
 52079 | D:15     | Entered Level 15 of the Dungeon
 52087 | D:15     | Identified the +5 hand axe of Infinite Pain {holy, rN+
                  | Will+} (You found it on level 15 of the Dungeon)
 52128 | D:15     | Noticed Jorgrun
 52131 | D:15     | Killed Jorgrun
 52132 | D:15     | Noticed Louise
 52134 | D:15     | Killed Louise
 53022 | D:15     | Found a staircase to the Depths.
 53050 | Depths:1 | Entered Level 1 of the Depths
 53203 | Depths:1 | Found Piyss's Gadget Emporium.
 53207 | Depths:1 | Found a gateway to Hell.
 53273 | Depths:1 | Reached XP level 22. HP: 112/112 MP: 33/50
 53295 | Depths:1 | Found Ynodish's Book Emporium.
 53470 | Depths:2 | Found a glowing golden altar of the Shining One.
 53484 | Depths:2 | Found Estrasawk's Gadget Boutique.
 53485 | Depths:2 | Found Naug's Jewellery Emporium.
 53485 | Depths:2 | Found Cyfriu's Jewellery Emporium.
 53495 | Depths:2 | Bought an uncursed amulet of magic regeneration for 450
                  | gold pieces
 53525 | Depths:2 | Found a one-way gate leading to the halls of Pandemonium.
 53892 | Depths:3 | Noticed a caustic shrike
 53895 | Depths:3 | Killed a caustic shrike
 53909 | Depths:2 | HP: 5/112 [purple very ugly thing (9)]
 54303 | Depths:3 | Reached skill level 10 in Evocations
 54379 | Depths:3 | Noticed Frederick
 54401 | Depths:3 | Killed Frederick
 54610 | Depths:3 | Reached skill level 27 in Fire Magic
 54825 | Depths:4 | Found a one-way gate to the infinite horrors of the Abyss.
 54827 | Depths:4 | Found a gateway to a ziggurat.
 54853 | Zig:1    | Entered Level 1 of a ziggurat
 54865 | Zig:1    | Learned a level 9 spell: Tornado
 54876 | Zig:1    | Learned a level 9 spell: Shatter
 54889 | Zig:2    | Entered Level 2 of a ziggurat
 54910 | Zig:3    | Entered Level 3 of a ziggurat
 54916 | Zig:3    | Reached skill level 1 in Air Magic
 54935 | Zig:3    | Identified the +4 war axe "Jellupp" {venom, Will+++ Str-4
                  | Int+6} (You found it on level 3 of a ziggurat)
 54937 | Zig:3    | Acquired 780 gold pieces
 54942 | Zig:4    | Entered Level 4 of a ziggurat
 54946 | Zig:4    | Noticed a royal mummy
 54947 | Zig:4    | Killed a royal mummy
 54971 | Zig:5    | Entered Level 5 of a ziggurat
 54999 | Zig:6    | Entered Level 6 of a ziggurat
 55038 | Zig:7    | Entered Level 7 of a ziggurat
 55053 | Zig:7    | Identified the +1 robe "Quulumou" {Will+} (You found it on
                  | level 7 of a ziggurat)
 55062 | Zig:7    | Identified the +10 spear of the Glowing Priest {drain,
                  | SInv} (You found it on level 7 of a ziggurat)
 55073 | Zig:8    | Entered Level 8 of a ziggurat
 55082 | Zig:8    | Reached XP level 23. HP: 116/116 MP: 52/52
 55085 | Zig:8    | Reached XP level 24. HP: 121/121 MP: 53/53
 55122 | Zig:8    | Reached XP level 25. HP: 126/126 MP: 53/53
 55125 | Zig:9    | Entered Level 9 of a ziggurat
 55145 | Zig:9    | Reached skill level 5 in Air Magic
 55148 | Zig:9    | Found the amulet of Vitality {Regen+ HP+15}
 55215 | Zig:10   | Entered Level 10 of a ziggurat
 55229 | Zig:10   | Found the +9 heavy crossbow "Sniper" {vorpal, Acc+∞ SInv}
 55252 | Zig:10   | Identified the ring of the Snail {rC+ MP+9 Str+6 Slay-4}
                  | (You found it on level 10 of a ziggurat)
 55261 | Zig:10   | Identified the cursed +1 robe of Oteciw {rElec rPois rN+
                  | Regen+} (You found it on level 10 of a ziggurat)
 55264 | Zig:10   | Identified the Compendium of Moulding and Translocation
 55538 | Zig:10   | Learned a level 2 spell: Blink
 55539 | Zig:11   | Entered Level 11 of a ziggurat
 55563 | Zig:11   | Found the -2 hat of the Alchemist {rElec rPois rF+ rC+ rN+
                  | Will+ rMut rCorr}
 55621 | Zig:12   | Entered Level 12 of a ziggurat
 55666 | Zig:12   | Reached XP level 26. HP: 131/131 MP: 42/54
 55667 | Zig:12   | Reached skill level 10 in Air Magic
 55667 | Zig:12   | Reached XP level 27. HP: 135/135 MP: 42/54
 55703 | Zig:13   | Entered Level 13 of a ziggurat
 55722 | Zig:13   | Reached skill level 5 in Stealth
 55766 | Zig:13   | Identified the +1 leather armour of the Valley {Dex+3
                  | Stlth+} (You found it on level 13 of a ziggurat)
 55774 | Zig:14   | Entered Level 14 of a ziggurat
 55793 | Zig:14   | Reached skill level 10 in Stealth
 55825 | Zig:14   | Identified the +0 helmet of the Thirsty Artists {*Drain
                  | Int+5 SInv} (You found it on level 14 of a ziggurat)
 55831 | Zig:15   | Entered Level 15 of a ziggurat
 55839 | Zig:15   | Noticed an orb of fire
 55844 | Zig:15   | Noticed an orb of fire
 55848 | Zig:15   | Killed an orb of fire
 55848 | Zig:15   | Noticed an orb of fire
 55850 | Zig:15   | Killed an orb of fire
 55852 | Zig:15   | Killed an orb of fire
 55867 | Zig:15   | Noticed an orb of fire
 55894 | Zig:15   | Killed an orb of fire
 55900 | Zig:15   | Got a scintillating pewter amulet
 55901 | Zig:15   | Identified the amulet "Uwu Vadgh" {Faith +Fly Int+3 Stlth+}
                  | (You found it on level 15 of a ziggurat)
 55951 | Zig:16   | Entered Level 16 of a ziggurat
 55969 | Zig:16   | Reached skill level 15 in Air Magic
 55997 | Zig:16   | Identified Karutopn's Disquisition on Warped Battle Magic
 56024 | Zig:17   | Entered Level 17 of a ziggurat
 56104 | Zig:17   | Learned a level 6 spell: Statue Form
 56107 | Zig:17   | Learned a level 2 spell: Sublimation of Blood
 56132 | Zig:18   | Entered Level 18 of a ziggurat
 56150 | Zig:18   | Noticed Miarph the pandemonium lord
 56150 | Zig:18   | Noticed Acwy the pandemonium lord
 56151 | Zig:18   | Noticed Luveci the pandemonium lord
 56152 | Zig:18   | Killed Miarph the pandemonium lord
 56152 | Zig:18   | Noticed Innioc the pandemonium lord
 56152 | Zig:18   | Noticed Aqithreko the pandemonium lord
 56153 | Zig:18   | Reached skill level 1 in Transmutations
 56153 | Zig:18   | Reached skill level 1 in Earth Magic
 56153 | Zig:18   | Noticed Daoralao the pandemonium lord
 56154 | Zig:18   | Noticed Giphak the pandemonium lord
 56154 | Zig:18   | Noticed Miral the pandemonium lord
 56155 | Zig:18   | Killed Miral the pandemonium lord
 56155 | Zig:18   | Noticed Macvevell the pandemonium lord
 56156 | Zig:18   | Killed Aqithreko the pandemonium lord
 56163 | Zig:18   | Killed Acwy the pandemonium lord
 56164 | Zig:18   | Killed Innioc the pandemonium lord
 56164 | Zig:18   | Killed Luveci the pandemonium lord
 56164 | Zig:18   | Killed Giphak the pandemonium lord
 56186 | Zig:18   | Killed Macvevell the pandemonium lord
 56203 | Zig:18   | Found the +4 dagger "Morg" {pain, Will+ Int+5}
 56203 | Zig:18   | Found the +8 trident of the Octopus King {venom, rElec
                  | rPois Will+}
 56208 | Zig:18   | Identified the ring of the Two Names {+Blink Str+3 Dex+3
                  | SInv} (You found it on level 18 of a ziggurat)
 56232 | Zig:19   | Entered Level 19 of a ziggurat
 56277 | Zig:19   | Reached skill level 5 in Transmutations
 56277 | Zig:19   | Reached skill level 5 in Earth Magic
 56357 | Zig:19   | Identified the ring of Yendor {*Slow rPois Will+ Int+4
                  | SInv} (You found it on level 19 of a ziggurat)
 56360 | Zig:19   | Identified the ring "Secytasm" {rF- rC+ EV+4 Slay+2} (You
                  | found it on level 19 of a ziggurat)
 56368 | Zig:19   | Identified Ocloxtap's Incunabulum of Thrice Damned
                  | Blessings
 56400 | Zig:20   | Entered Level 20 of a ziggurat
 56415 | Zig:20   | Noticed Ugeji the pandemonium lord
 56416 | Zig:20   | Noticed Iczidohagu the pandemonium lord
 56419 | Zig:20   | Killed Ugeji the pandemonium lord
 56420 | Zig:20   | Noticed Gebrom the pandemonium lord
 56420 | Zig:20   | Noticed Pieghu the pandemonium lord
 56424 | Zig:20   | Killed Pieghu the pandemonium lord
 56424 | Zig:20   | Killed Gebrom the pandemonium lord
 56424 | Zig:20   | Noticed Ufeckug the pandemonium lord
 56425 | Zig:20   | Killed Iczidohagu the pandemonium lord
 56427 | Zig:20   | Reached skill level 27 in Spellcasting
 56427 | Zig:20   | Killed Ufeckug the pandemonium lord
 56427 | Zig:20   | Noticed Duroxt the pandemonium lord
 56428 | Zig:20   | Noticed Burchuchy the pandemonium lord
 56429 | Zig:20   | Mangled by Dizommul the pandemonium lord

Illustrated notes

Levels and vault maps discovered:
D:1:      dpeg_arrival_shrine, layout_rooms
D:2:      layout_loops_ring, grunt_temple_overflow_order_and_chaos_2,
          old_standard_altar, chequers_big_river, nicolae_ru_awakened_eye,
          uniq_crazy_yiuf_cottage, uniq_sigmund
D:3:      layout_loops_cross
D:4:      layout_gridville, nicolae_gozag_seed_capital,
          hellmonk_ghost_happy_afterlife, kennysheep_generic_room_3,
          uniq_grinder
D:5:      layout_layer_cave, cheibrodos_sewer_entry_drain, serial_shops, shop,
          uniq_eustachio
D:6:      kennysheep_kobold_camp, layout_basic, minmay_temple_entry_ruins,
          uniq_menkaure, uniq_prince_ribbit1, uniq_duvessa
D:7:      layout_loops_ring, grunt_temple_overflow_holy_war,
          minmay_overflow_temple_hex
D:8:      layout_basic, uniq_erica
D:9:      layout_rooms
D:10:     layout_gridville, lightli_corner_chamber
D:11:     layout_roguey, due_lair_maze_entry_diamond,
          minmay_orc_entry_temple_small, gauntlet_entry_generic
D:12:     layout_small_grid, chequers_hall_statues_corner_a, uniq_sonja
D:13:     minmay_thinvault, layout_rooms, erik_vaults_2, special_room
          [special_room_bee], hex_tiny
D:14:     layout_rooms, nicolae_dithmenos_shadow_blocks, uniq_rupert
D:15:     grunt_enter_depths_hoard, layout_stronghold, minmay_misc_feat_encased,
          uniq_louise, uniq_jorgrun
Temple:   eino_temple_lava
Lair:1:   layout_cave_pods, serial_forest, infiniplex_forest_end_3,
          infiniplex_forest_clump_diagonal, infiniplex_forest_end_2,
          infiniplex_forest_lined_corner, infiniplex_forest_lined_room_,
          infiniplex_forest_clump_tiny, infiniplex_forest_clump_curved,
          infiniplex_forest_clump_small, uniq_harold, uniq_urug
Lair:2:   layout_regular_city, minmay_snake_entry_guardpost_small,
          grunt_forest_small_clearings, guppyfry_lair_drakes,
          grunt_megastairs_2, uniq_gastronok
Lair:3:   layout_long_grid, minmay_shoals_entry_beasts, st_stairs_3
Lair:4:   layout_gridlike
Lair:5:   layout_cave_shapes, minmay_slime_entry_pillars,
          chequers_serial_rivers_micro_d, forest_entry_grove
Lair:6:   gammafunk_lair_ancient_temple, layout_regular_city,
          lemuel_centaur_altar, lemuel_fruit_fields, uniq_kirke
Shoals:1: layout_shoals, st_sunken_temple
Shoals:2: layout_shoals, serial_shops, shop_statue, nicolae_shoals_kraken_party
Shoals:3: layout_shoals, hangedman_shoals_cup_caves
Shoals:4: shoals_end_hangedman, layout_shoals, shoals_ilsuiw_ice, serial_shops,
          shop
Snake:1:  layout_grid_maze, hangedman_snake_corridor_split, lemuel_fruit_tree
Snake:2:  layout_basic, nicolae_alphabet_shops, minmay_shop_star,
          grunt_megastairs_4, serial_bayou_shore_b
Snake:3:  layout_gridlike, st_stairs_5, evilmike_ambush
          [evilmike_ambush_outer_basic, evilmike_ambush_inner_pond]
Snake:4:  grunt_snake_rune_spirals, layout_onion, ebering_ghost_gozag,
          serial_shops, bzr_in_the_mist, guppyfry_library_mini
Slime:1:  nicolae_slime_pool, layout_caves
Slime:2:  layout_caves
Slime:3:  layout_caves, dissolution_awaits, uniq_dissolution
Slime:4:  layout_caves, cheibrodos_slime_lost_civilization_4
Slime:5
Orc:1:    layout_caves, chequers_guarded_unrand_ignorance, uniq_fannar
Orc:2:    st_orc_mages, layout_caves
Elf:1:    layout_loops_cross, hangedman_elf_disciples
Elf:2:    layout_gridlike, minmay_shoptagon
Elf:3:    grunt_elf_hall_spiral, layout_loops_corners
Depths:1: layout_cave_shapes, serial_shops, shop, shop, hell_entry,
          hangedman_corner_corridor
Depths:2: minmay_curly_fans, layout_gridlike, lightli_too_deep, tso_metal_star,
          rand_demon_pan_entry_3, infiniplex_staircase_pool_2, minmay_shop_grove
Depths:3: hangedman_arch_fort, layout_gridlike, hangedman_geh_valley,
          rand_demon_pan_entry_9, corexii_hall_statues_i, uniq_frederick
Depths:4: hangedman_stitches_corridor, layout_basic, enter_ziggurat_d,
          hellmouth_1, abyss_entry, minmay_misc_feat_plants
Zig:20

Skill      XL: |  1  2  3  4  5  6  7  8  9 10 11 12 13 14 15 16 17 18 19 20 21 22 23 24 25 26 27 |
---------------+----------------------------------------------------------------------------------+-----
Fire Magic     | 4 5 6 8 9 11 13 14 15 17 18 19 20 22 23 24 25 26 27 | 27.0
Spellcasting   | 4 5 6 8 9 11 12 13 14 15 16 17 19 20 21 22 23 24 25 27 | 27.0
Conjurations   | 2 3 4 5 6 7 9 10 11 12 13 14 15 16 17 18 19 20 21 | 21.0
Evocations     | 2 3 6 7 8 9 11 12 | 12.1
Dodging        | 3 4 6 7 8 9 10 | 10.0
Stealth        | 3 11 | 11.5
Fighting       | 2 3 4 |  4.0
Armour         | 1 2 |  2.0
Shields        | 4 |  4.0
Air Magic      | 3 4 9 10 18 | 18.1
Transmutations | 6 |  6.0
Earth Magic    | 8 |  8.4

Action                   |  1- 3 |  4- 6 |  7- 9 | 10-12 | 13-15 | 16-18 | 19-21 | 22-24 | 25-27 || total
-------------------------+-------+-------+-------+-------+-------+-------+-------+-------+-------++-------
Melee: Scythe            |       |    16 |     9 |     9 |       |       |       |       |       ||    34
       Rapier            |       |       |       |    10 |    46 |       |       |       |       ||    56
       Staff             |       |       |       |       |    38 |     5 |    10 |       |     1 ||    54
       War axe           |       |       |       |       |       |       |     1 |       |       ||     1
 Cast: Foxfire           |    81 |   130 |   466 |   434 |   437 |       |       |       |       ||  1548
       Sticky Flame      |       |     1 |    20 |    43 |   100 |     8 |       |       |       ||   172
       Conjure Flame     |       |     1 |       |     7 |     2 |       |       |       |       ||    10
       Fireball          |       |       |       |   124 |   395 |   292 |    40 |     1 |       ||   852
       Mephitic Cloud    |       |       |       |       |    10 |       |       |       |       ||    10
       Iron Shot         |       |       |       |       |     3 |    38 |     6 |     4 |     5 ||    56
       Magic Dart        |       |       |       |       |    25 |   126 |    43 |       |     2 ||   196
       Iskenderun's Batt |       |       |       |       |     6 |    51 |     6 |       |     1 ||    64
       Bolt of Magma     |       |       |       |       |     2 |     3 |       |     1 |       ||     6
       Ignition          |       |       |       |       |       |     9 |    10 |       |     4 ||    23
       Fire Storm        |       |       |       |       |       |    47 |   230 |    86 |   148 ||   511
       Tornado           |       |       |       |       |       |       |       |       |     1 ||     1
Evoke: Wand              |       |       |       |     8 |     8 |     1 |       |     1 |     1 ||    19
  Use: Scroll            |       |       |    12 |    11 |    15 |    11 |    17 |    10 |    23 ||    99
       Potion            |       |       |     1 |     1 |     1 |       |       |     2 |     8 ||    13
 Stab: Sleeping          |       |     3 |     3 |       |       |       |       |       |       ||     6
       Distracted        |       |     1 |       |       |       |       |       |       |       ||     1
       Confused          |       |       |       |       |     5 |       |       |       |       ||     5
Armor: Robe              |     2 |    13 |    34 |    35 |    39 |    14 |    14 |     2 |     3 ||   156
Dodge: Dodged            |     9 |    27 |    58 |   115 |   323 |    77 |    29 |    10 |    22 ||   670
Block: Other             |       |       |       |    12 |    90 |    10 |       |       |       ||   112
       Reflection        |       |       |       |     3 |    11 |    28 |     9 |     2 |     1 ||    54
       Buckler           |       |       |       |       |       |    43 |    24 |     5 |     6 ||    78

Table legend: (Time is in decaauts)
 A = Elapsed time spent in this place.
 B = Non-inter-level travel time spent in this place.
 C = Inter-level travel time spent in this place.
 D = Time resting spent in this place.
 E = Time spent auto-exploring this place.
 F = Levels seen in this place.
 G = Mean time per level.
                   A        B        C        D        E       F      G
               +--------+--------+--------+--------+--------+-----+--------+
         Total |  56891 |  53730 |   3161 |   9086 |  31883 |  67 |  849.1 |
       Dungeon |  23934 |  22475 |   1459 |   2774 |  15697 |  15 | 1595.6 |
        Temple |    103 |    103 |      0 |      0 |     95 |   1 |  103.0 |
          Lair |   9515 |   8923 |    592 |   1070 |   6635 |   6 | 1585.8 |
        Shoals |   1735 |   1644 |     91 |    624 |      0 |   4 |  433.8 |
     Snake Pit |   5740 |   5234 |    506 |    801 |   3040 |   4 | 1435.0 |
    Slime Pits |   1086 |   1026 |     60 |    465 |      0 |   5 |  217.2 |
  Orcish Mines |   4049 |   3895 |    154 |   1064 |   2075 |   2 | 2024.5 |
   Elven Halls |   5496 |   5302 |    194 |    688 |   3552 |   3 | 1832.0 |
        Depths |   1807 |   1706 |    101 |    654 |      0 |   4 |  451.8 |
      Ziggurat |   1563 |   1563 |      0 |    409 |      0 |  20 |   78.2 |
        Bazaar |     80 |     80 |      0 |      0 |     60 |   1 |   80.0 |
         Sewer |   1015 |   1015 |      0 |    100 |    678 |   1 | 1015.0 |
      Gauntlet |    763 |    763 |      0 |    437 |     51 |   1 |  763.0 |
               +--------+--------+--------+--------+--------+-----+--------+

Top non-repeatable levels by time:
    D:13: 3753 daAuts
     D:6: 2529 daAuts
   Elf:3: 2468 daAuts
    D:11: 2458 daAuts
  Lair:5: 2410 daAuts
   Orc:2: 2289 daAuts
    D:12: 2140 daAuts
 Snake:2: 2135 daAuts
     D:8: 2127 daAuts
 Snake:1: 2079 daAuts
   Orc:1: 1760 daAuts
  Lair:2: 1684 daAuts
  Lair:1: 1543 daAuts
     D:2: 1534 daAuts
   Elf:2: 1533 daAuts
